 Seeded DCSS version 0.28-a0-1567-g1695149f81 (webtiles) character file.

Game seed: 7615 (custom seed)

7 knot the Chopper (level 1, -2/18 HPs)
             Began as a Demonspawn Berserker on Jan 20, 2022.
             Was a Follower of Trog.
             Slain by a kobold (4 damage)
             ... on level 1 of the Dungeon.
             The game lasted 00:00:16 (429 turns).

knot the Chopper (Demonspawn Berserker)              Turns: 429, Time: 00:00:16

Health: -2/18      AC:  2    Str: 17    XL:     1   Next: 83%
Magic:  1/1        EV: 12    Int:  8    God:    Trog [*.....]
Gold:   9          SH:  0    Dex: 12    Spells: 0/0 levels left

rFire   . . .      SeeInvis .   a - +0 hand axe
rCold   . . .      Faith    .   (no shield)
rNeg    . . .      Spirit   .   b - +0 animal skin
rPois   .          Reflect  .   (no helmet)
rElec   .          Harm     .   (no cloak)
rCorr   .          Rampage  .   (no gloves)
Will    .....                   (no boots)
Stlth   +.........              (no amulet)
HPRegen 0.06/turn               (no ring)
MPRegen 0.07/turn               (no ring)

@: no status effects
A: no striking features
a: Renounce Religion, Berserk


You were on level 1 of the Dungeon.
You worshipped Trog.
Trog was aware of your devotion.
You visited 1 branch of the dungeon, and saw 1 of its levels.

You collected 9 gold pieces.

Inventory:

Hand Weapons
 a - a +0 hand axe (weapon)
Armour
 b - a +0 animal skin (worn)


   Skills:
 - Level 3.0 Fighting
 + Level 3.1 Axes
 - Level 1.7 Armour
 - Level 1.7 Dodging


You couldn't memorise any spells.
You didn't know any spells.
Your spell library was empty.

Dungeon Overview and Level Annotations

Branches:
Dungeon (1/15)

Altars:


Message History

The goblin misses you.
Something bites the plant.
The plant begins to die.
Something grabs the plant.
The plant is constricted.
The bat hits the bush but does no damage.
Unknown command.
You hit the goblin.
The goblin is moderately wounded.
You hit the bush but do no damage. You hit the kobold.
You hit the bush but do no damage. x2
The bat hits the bush but does no damage. x2
Something bites the plant.
The plant is constricted.
The bat hits the bush but does no damage.
The goblin hits you but does no damage.
The kobold hits you with a +2 dagger of speed.
Something bites the plant.
The plant is constricted.
You hit the goblin.
The goblin is severely wounded.
You hit the bush but do no damage. You hit the bush. You miss the kobold.
You hit the bush but do no damage.
The bat hits the bush but does no damage. x3
The goblin hits you with a +0 club. The kobold closely misses you.
Something bites the plant.
The plant is constricted.
The bat hits the bush but does no damage.
The kobold hits you with a +2 dagger of speed.
The goblin closely misses you.
You fail to use your ability.
A nearby plant withers and dies.
Something loses its grip on the plant.
The bat hits the bush. x2
The kobold hits you with a +2 dagger of speed.
* * * LOW HITPOINT WARNING * * *
The bat hits the bush but does no damage.
The goblin closely misses you.
You hit the goblin but do no damage.
The goblin is severely wounded.
You hit the bush but do no damage. You barely miss the kobold.
You hit the bush but do no damage. You hit the bush.
The bat hits the bush but does no damage. x2
The kobold hits you with a +2 dagger of speed.
* * * LOW HITPOINT WARNING * * *
The bat hits the bush but does no damage.
The kobold hits you with a +2 dagger of speed.
You die...

.. .. . ..... .♣..♣.
♣....♣ # ♣♣..♣P♣P♣.. .
♣P.PbP.P.♣ #..###
♣SPg...P♣ ......♣♣.@P.♣
.... .# #...PK.PP ...
....###.♣♣P.P.P♣ ##..
.[.......♣..♣.♣... ...
.####.#.##♣♣♣♣♣
###.######.
#.#.#...#######........
###.#.#....PPPP##..#.##..
#.....#...♣♣♣.P.#..#.##..
#.....#..♣♣ P.PP#..#.##..


You could see a goblin, a bat, a ball python and a kobold.

Vanquished Creatures
  An endoplasm (D:1)
  2 hobgoblins (D:1)
  A quokka (D:1)
  A kobold (D:1)
  A rat (D:1)
6 creatures vanquished.

Vanquished Creatures (others)
  A plant (D:1)
1 creature vanquished.

Grand Total: 7 creatures vanquished

Notes
Turn   | Place    | Note
-------+----------+-------------------------------------------
     0 | D:1      | knot the Demonspawn Berserker began the quest for the Orb.
     0 | D:1      | Reached XP level 1. HP: 18/18 MP: 1/1
   429 | D:1      | Slain by a kobold

Illustrated notes

Levels and vault maps discovered:
D:1:      psy_arrival_terrarium, layout_basic,
          dreamdust_ecumenical_altar_angels_and_demons, serial_forest,
          infiniplex_forest_3_way, infiniplex_forest_clump_curved,
          infiniplex_forest_join, infiniplex_forest_straight_3,
          infiniplex_forest_straight_2, infiniplex_forest_lined_3_way,
          infiniplex_forest_clump_medium, infiniplex_forest_corner_1,
          infiniplex_forest_lined_corner, st_stairs_14

Skill      XL: |  1 |
---------------+----+-----
Axes           | 3 |  3.1
Fighting       | |  3.0
Armour         | |  1.7
Dodging        | |  1.7

Action                   || total
-------------------------++-------
Melee: Hand axe          ||    28
Invok: Berserk           ||     1
Armor: Animal skin       ||     8
Dodge: Dodged            ||    21

Table legend: (Time is in decaauts)
 A = Elapsed time spent in this place.
 B = Non-inter-level travel time spent in this place.
 C = Inter-level travel time spent in this place.
 D = Time resting spent in this place.
 E = Time spent auto-exploring this place.
 F = Levels seen in this place.
 G = Mean time per level.
                   A        B        C        D        E       F      G
               +--------+--------+--------+--------+--------+-----+--------+
         Total |    442 |    442 |      0 |     93 |    297 |   1 |  442.0 |
       Dungeon |    442 |    442 |      0 |     93 |    297 |   1 |  442.0 |
               +--------+--------+--------+--------+--------+-----+--------+

Top non-repeatable levels by time:
     D:1: 442 daAuts
